 Dungeon Crawl Stone Soup version 0.19-a0-559-ga3d69d0 (webtiles) character file.

6 mopl the Ruffian (level 1, -3/18 HPs)
             Began as a Naga Transmuter on June 8, 2016.
             Slain by a kobold
             ... wielding a +0 whip
              (5 damage)
             ... on level 1 of the Dungeon.
             The game lasted 00:00:48 (272 turns).

mopl the Ruffian (Naga Transmuter)                   Turns: 272, Time: 00:00:48

Health: -3/18      AC:  1    Str: 12    XL:     1   Next: 90%
Magic:  2/3        EV: 10    Int: 13    God:
Gold:   4          SH:  0    Dex: 11    Spells: 1 memorised, 3 levels left

rFire  . . .     SeeInvis +       - Unarmed
rCold  . . .     Gourm    .     b - +0 robe
rNeg   . . .     Faith    .     (no shield)
rPois  +         Spirit   .     (no helmet)
rElec  .         Dismiss  .     (no cloak)
rCorr  .         Reflect  .     (no gloves)
SustAt .         Harm     .     (no barding)
MR     .....                    (no amulet)
Stlth  +.........               (no ring)
                                (no ring)

@: appendage, very slow, not resistant to hostile enchantments, very unstealthy
A: horns 2, see invisible, deformed body, poison resistance, slowness 2, slow
metabolism 1, spit poison 2, AC +0
a: Spit Poison, End Transformation


You were on level 1 of the Dungeon.
You were not hungry.
You had grown temporary horns.
You visited 1 branch of the dungeon, and saw 1 of its levels.

You collected 4 gold pieces.

Inventory:

Missiles
 a - 12 arrows
 g - 6 tomahawks (quivered)
Armour
 b - a +0 robe (worn)
Scrolls
 f - a scroll of recharging {unknown}
 i - a scroll of enchant armour {unknown}
Potions
 e - a potion of degeneration {unknown}
 h - a potion of might {unknown}
Books
 c - a book of Changes

   Spells                             Type                      Level
   a - Beastly Appendage              Transmutation                1
   b - Sticks to Snakes               Transmutation                2
   c - Spider Form                    Transmutation/Poison         3
   d - Ice Form                       Ice/Transmutation            4
   e - Blade Hands                    Transmutation                5
Comestibles
 d - a bread ration


   Skills:
 - Level 1.0 Fighting
 - Level 1.5 Dodging
 * Level 3.3 Unarmed Combat
 - Level 2.0 Spellcasting
 + Level 2.1 Transmutations


You had 3 spell levels left.
You knew the following spells:

 Your Spells              Type           Power        Failure   Level  Hunger
a - Beastly Appendage     Tmut           #.....       12%         1    ##.....


Dungeon Overview and Level Annotations

Branches:
Dungeon (1/15)

Altars:


Innate Abilities, Weirdness & Mutations

You cannot wear boots.
Your serpentine skin is tough. (AC +0)
You have supernaturally acute eyesight. (SInv)
Armour fits poorly on your strangely shaped body.
Your system is resistant to poisons. (rPois)
You cover ground very slowly.
You have a slow metabolism.
You can spit poison.
You have a pair of horns on your head.


Message History

The giant cockroach bites you. The kobold hits you but does no damage.
Press: ? - help, Shift-Dir - straight line, f - kobold
Aim: a kobold, wielding a whip The splash of poison hits the kobold.
The kobold appears unharmed.
You feel slightly more hungry. The kobold hits you with a whip.
* * * LOW HITPOINT WARNING * * *
Unknown command.
You hit the kobold.
The kobold is moderately wounded.
The kobold closely misses you.
Casting: Beastly Appendage
Confirm with . or Enter, or press ? or * to list all spells.
You grow a pair of large bovine horns.
The kobold hits you with a whip.
* * * LOW HITPOINT WARNING * * *
You hit the kobold. Your headbutt misses the kobold.
The kobold is heavily wounded.
You have got your breath back.
The kobold hits you with a whip.
You die...

## ######.### ###.....#..#
##....(#...# #....#@Ks#...
#### ######..#...#...#.
...# #.........#...#...#
...###.......#...#...#...#
(..')'.........#...#.. #..
...###....(..#...#..?#. #
...# #)........#...#...#
...###.......#...#...#..
#..............#.


You could see a giant cockroach and a kobold.

Vanquished Creatures
  2 jackals (D:1)
  2 kobolds (D:1)
  A giant newt (D:1)
  A rat (D:1)
6 creatures vanquished.

Notes
Turn   | Place    | Note
--------------------------------------------------------------
     0 | D:1      | mopl the Naga Transmuter began the quest for the Orb.
     0 | D:1      | Reached XP level 1. HP: 18/18 MP: 3/3
   272 | D:1      | Slain by a kobold

Vault maps used:
D:1:      scummos_arrival_gate, grunt_decor_one_mirror, hex_medium

Action                   || total
-------------------------++-------
Melee: Unarmed           ||    13
 Cast: Beastly Appendage ||     3
 Abil: Spit Poison       ||     4
 Stab: Sleeping          ||     1
Armor: Robe              ||     3
Dodge: Dodged            ||     6
